 Dungeon Crawl Stone Soup version 0.31-a0-180-g519b7de00c (webtiles) character file.

Game seed: 8438084902398580558

140 Moral the Trooper (level 5, 0/46 HPs)
             Began as a Ghoul Fighter on June 19, 2023.
             Slain by a jelly (3 damage)
             ... on level 3 of the Dungeon.
             The game lasted 00:02:46 (1709 turns).

Moral the Trooper (Ghoul Fighter)                   Turns: 1709, Time: 00:02:47

Health: 0/46       AC:  0    Str: 22    XL:     5   Next: 22%
Magic:  4/4        EV:  9    Int:  3    God:
Gold:   122        SH:  4    Dex:  8    Spells: 4/4 levels left

rFire   + . .        a - +0 flail
rCold   + . .        c - +0 buckler
rNeg    + + +        b - +0 scale mail
rPois   ∞            (no helmet)
rElec   .            (no cloak)
rCorr   .            (no gloves)
SInv    .            (no boots)
Will    .....        (no amulet) Stlth
                     m - ring of protection from fire
HPRegen 0.00/turn    (no ring)
MPRegen 0.09/turn

%: no passive effects
@: corroded, inhibited regen
A: claws 1, cold resistance 1, negative energy resistance 3, inhibited
regeneration, torment resistance 2, devour on kill
a: no special abilities


You were on level 3 of the Dungeon.
You visited 1 branch of the dungeon, and saw 3 of its levels.

You collected 122 gold pieces.

Inventory:

Hand Weapons
 a - a +0 flail (weapon)
Armour
 b - a +0 scale mail (worn)
 c - a +0 buckler (worn)
Jewellery
 m - a ring of protection from fire (left claw)
Wands
 r - a wand of polymorph (5)
Scrolls
 e - 2 scrolls of poison {unknown}
 h - a scroll of enchant armour {unknown}
 i - a scroll of amnesia {unknown}
 k - a scroll of teleportation {unknown}
 l - 3 scrolls of identify {unknown}
 p - a scroll of immolation {unknown}
 t - a scroll of noise {unknown}
Potions
 d - a potion of might
 f - a potion of cancellation {unknown}
 g - a potion of enlightenment {unknown}
 j - 2 potions of brilliance {unknown}
 n - a potion of resistance {unknown}
 o - a potion of berserk rage {unknown}
 q - a potion of mutation {unknown}
 s - a potion of lignification {unknown}


   Skills:
 + Level 3.8 Fighting
 * Level 3.1 Maces & Flails
 * Level 3.8 Armour
 + Level 3.2 Shields


You had 4 spell levels left.
You didn't know any spells.
Your spell library was empty.

Dungeon Overview and Level Annotations

Branches:
Dungeon (3/15)

Altars:
Cheibriados

Annotations:
D:3 2 transporters


Innate Abilities, Weirdness & Mutations

You are immune to poison.
You have sharp fingernails.
Your flesh is cold resistant. (rC+)
You are immune to negative energy. (rN+++)
You do not regenerate when monsters are visible.
You are immune to unholy pain and torment.
You thrive by killing the living.


Message History

There is a stone staircase leading up here.
t - a scroll labelled WOABOS GAXTA A goblin comes into view.
It is wielding a +0 club.
The goblin shouts!
A goblin is nearby!
The goblin misses you.
You closely miss the goblin. The goblin closely misses you.
The goblin hits you with a +0 club.
You sock the goblin!
You kill the goblin!
You feel better.
No target in view!
Things that are here:
a +0 club; a goblin corpse
Found a mace.
No target in view!
A jelly comes into view.
A jelly is nearby!
Found 14 gold pieces.
You block the jelly's attack.
You hit the jelly. The acid corrodes you!
Your claws burn!
The jelly is lightly wounded.
The jelly closely misses you.
You hit the jelly.
Your claws burn!
The jelly is heavily wounded.
The jelly hits you. The acid corrodes you!
You are splashed with acid!
The jelly hits you.
You are splashed with acid!
You are too injured to fight recklessly!
You are too injured to fight recklessly!
You are too injured to fight recklessly!
You are too injured to fight recklessly!
You hit the jelly but do no damage.
Your claws burn!
The jelly is heavily wounded.
The jelly hits you.
You are splashed with acid!
* * * LOW HITPOINT WARNING * * *
You hit the jelly but do no damage.
Your claws burn!
* * * LOW HITPOINT WARNING * * *
The jelly is heavily wounded.
The jelly hits you.
You die...

####.#
#.#.####### #.#
#.#.......#
####.#
#.........#
.....#
#########.#######
####.#
#####..).....#
####.#
#......#####.#
#.##<# #.####.#
.#...# #.# #.#
#.#### #@# #.#
#.# #J# #.# ..#
#.# ..# ### #.#
#..# #.# #.# #..#
#.# #.# #..# #.#
.$# #..# #.# ###
#..# #.##### #..#
#.#....


You could see a jelly.

Vanquished Creatures
  A jelly (D:3)
  An orc wizard (D:3)
  3 adders
  A worm (D:3)
  4 dart slugs (D:1)
  3 orcs (D:3)
  3 endoplasms
  A giant cockroach (D:1)
  9 goblins
  4 hobgoblins
  4 kobolds
  3 quokkas
  4 ball pythons
  A bat (D:3)
  2 frilled lizards (D:1)
  3 rats
47 creatures vanquished.

Notes
Turn   | Place    | Note
-------+----------+-------------------------------------------
     0 | D:1      | Moral the Ghoul Fighter began the quest for the Orb.
     0 | D:1      | Reached XP level 1. HP: 19/19 MP: 0/0
    68 | D:1      | Reached XP level 2. HP: 26/26 MP: 1/1
   328 | D:1      | Reached XP level 3. HP: 31/31 MP: 2/2
  1126 | D:3      | Found a transporter.
  1147 | D:3      | Found a transporter.
  1256 | D:3      | Reached XP level 4. HP: 38/38 MP: 3/3
  1422 | D:3      | Reached XP level 5. HP: 44/46 MP: 4/4
  1523 | D:3      | Found a snail-covered altar of Cheibriados.
  1709 | D:3      | Slain by a jelly

Illustrated notes

Levels and vault maps discovered:
D:1:      dpeg_arrival_rooms_b, layout_rooms, serial_forest,
          infiniplex_forest_lined_corner, infiniplex_forest_clump_tiny,
          infiniplex_forest_pool, infiniplex_forest_straight_4,
          infiniplex_forest_clump_cross, infiniplex_forest_straight_3
D:2:      layout_basic, eino_curves_03
D:3:      gammafunk_wand_slinger, layout_loops_ring, slow_altar_2

Skill      XL: |  1  2  3  4 |
---------------+-------------+-----
Maces & Flails | 2 3 |  3.1
Armour         | 3 |  3.8
Shields        | 3 |  3.2
Fighting       | |  3.8

Action                     |  1- 3 |  4- 6 || total
---------------------------+-------+-------++-------
  Melee: Flail             |    98 |    69 ||   167
 Armour: Scale mail        |    69 |    29 ||    98
  Dodge: Dodged            |    61 |    23 ||    84
  Block: Buckler           |    26 |     8 ||    34

Table legend: (Time is in decaauts)
 A = Elapsed time spent in this place.
 B = Non-inter-level travel time spent in this place.
 C = Inter-level travel time spent in this place.
 D = Time resting spent in this place.
 E = Time spent auto-exploring this place.
 F = Levels seen in this place.
 G = Mean time per level.
                   A        B        C        D        E       F      G
               +--------+--------+--------+--------+--------+-----+--------+
         Total |   1761 |   1726 |     35 |     47 |   1309 |   3 |  587.0 |
       Dungeon |   1761 |   1726 |     35 |     47 |   1309 |   3 |  587.0 |
               +--------+--------+--------+--------+--------+-----+--------+

Top non-repeatable levels by time:
     D:3: 618 daAuts
     D:1: 587 daAuts
     D:2: 555 daAuts
